 Dungeon Crawl Stone Soup version 0.29-a0-371-g91724d5b39 (webtiles) character file.

Game seed: 17637053788860005247

116955 Devinter the Phalangite (level 16, -23/136 HPs)
             Began as a Merfolk Gladiator on Feb 3, 2022.
             Was the Champion of Jiyva.
             Annihilated by an alligator (32 damage)
             ... called by a spriggan druid
             ... on level 1 of the Swamp on May 3, 2022.
             The game lasted 02:55:20 (19395 turns).

Devinter the Phalangite (Merfolk Gladiator)        Turns: 19395, Time: 02:55:21

Health: -23/136    AC: 13    Str: 18    XL:     16   Next: 37%
Magic:  23/23      EV: 26    Int:  8    God:    Jiyva [******]
Gold:   576        SH:  4    Dex: 32    Spells: 22/25 levels left

rFire   + + .      SeeInvis +   T - +5 scythe "Finisher" {speed, eviscerate}
rCold   + + +      Faith    .   (shield currently unavailable)
rNeg    . . .      Spirit   .   V - +8 ice dragon scales of Perfidy {rF- rC++ Stlth+}
rPois   .          Reflect  .   (helmet unavailable)
rElec   .          Harm     .   I - +2 cloak {rCorr}
rCorr   +          Rampage  .   (no gloves)
Will    +++..                   k - +0 pair of boots
Stlth   +++.......              s - amulet of magic regeneration
HPRegen 1.92/turn               m - ring of Nemelex Xobeh's Favour {Fire rCorr Str+2 Dex+3}
MPRegen 1.08/turn               W - ring of Wouhouqi {rF++ Dex+6 Slay+4}

@: corroded
A: (nimble swimmer 2), mertail, antennae 3, large bone plates 1, agile 1, cold
resistance 3, strong-willed 2, wild magic 3, pseudopods 1, translucent skin 1,
jelly sensing items, jelly absorbing missiles, MP-powered wands
}: 1/15 runes: slimy
a: Renounce Religion, Oozemancy, Slimify


You were on level 1 of the Swamp.
You worshipped Jiyva.
Jiyva was exalted by your worship.
You visited 6 branches of the dungeon, and saw 30 of its levels.
You also visited: Sewer, Gauntlet and Volcano.

You collected 1200 gold pieces.
You spent 624 gold pieces at shops.

Inventory:

Hand Weapons
 d - a +4 vorpal shortbow
 r - a +3 bardiche
 C - a +0 arbalest of flaming
 T - the +5 scythe "Finisher" (weapon) {speed, eviscerate}
   (You took it off a minotaur in a Gauntlet)

   Attacks with this weapon are significantly faster.
   It may eviscerate those it strikes, slaying them instantly, with a decreasing
   chance against stronger foes.
Missiles
 h - 85 arrows
 u - 21 poisoned darts (quivered)
 A - 9 bolts
 B - 5 boomerangs
 D - 8 atropa-tipped darts
 U - 3 silver javelins
Armour
 a - the +1 cloak of Waist {Harm Str+6 Int+2 Dex-4}
   (You found it on level 3 of the Lair of Beasts)

   Str:       It affects your strength (+6).
   Int:       It affects your intelligence (+2).
   Dex:       It affects your dexterity (-4).
   Harm:      It increases damage dealt and taken.
 b - the +1 scale mail "Rael" {rPois rN++ Str-3}
   (You took it off a rakshasa on level 12 of the Dungeon)

   Str:       It affects your strength (-3).
   rPois:     It protects you from poison.
   rN:        It greatly protects you from negative energy.
 c - a +0 helmet
 k - a +0 pair of boots (worn)
 q - a +0 kite shield of reflection
 I - a +2 cloak of preservation (worn)
 K - a scarf of shadows
 V - the +8 ice dragon scales of Perfidy (worn) {rF- rC++ Stlth+}
   (You took it off a minotaur in a Gauntlet)

   rF:        It makes you vulnerable to fire.
   rC:        It greatly protects you from cold.
   Stlth:     It makes you more stealthy.
 X - the +1 plate armour of the Nexus {+Inv rPois rC+ Will+}
   (You found it in a Gauntlet)

   rC:        It protects you from cold.
   rPois:     It protects you from poison.
   +Inv:      It lets you turn invisible.
   Will:      It increases your willpower.
 Y - the +5 fire dragon scales of Dogmatism {rF++ rC- Str+5}
   (You found it in a Gauntlet)

   Str:       It affects your strength (+5).
   rF:        It greatly protects you from fire.
   rC:        It makes you vulnerable to cold.
Jewellery
 e - the necklace of Bloodlust {*Rage Will++ Int-3 Slay+6}
   (You found it on level 5 of the Pits of Slime)

   [amulet of nothing]

   It extends the wearer's berserk rage when killing foes.
   Int:       It affects your intelligence (-3).
   Slay:      It affects your accuracy & damage with ranged weapons and melee
   (+6).
   *Rage:     It berserks you when you make melee attacks (+50% chance).
   Will:      It greatly increases your willpower.
 m - the ring of Nemelex Xobeh's Favour (left hand) {Fire rCorr Str+2 Dex+3}
   (You found it on level 3 of the Lair of Beasts)

   [ring of fire]

   It enhances your fire magic.
   Str:       It affects your strength (+2).
   Dex:       It affects your dexterity (+3).
   rF:        It protects you from fire.
   rC:        It makes you vulnerable to cold.
   rCorr:     It protects you from acid and corrosion.
 s - an amulet of magic regeneration (around neck)
 H - the ring of Tomorrow {*Slow MP+9 Str+6 Int+2 Dex+2}
   (You found it on level 5 of the Pits of Slime)

   [ring of strength]

   Str:       It affects your strength (+6).
   Int:       It affects your intelligence (+2).
   Dex:       It affects your dexterity (+2).
   MP:        It affects your magic capacity (+9).
   *Slow:     It may slow you when you take damage.
 W - the ring of Wouhouqi (right hand) {rF++ Dex+6 Slay+4}
   (You acquired it on level 2 of the Orcish Mines)

   [ring of dexterity]

   Dex:       It affects your dexterity (+6).
   Slay:      It affects your accuracy & damage with ranged weapons and melee
   (+4).
   rF:        It greatly protects you from fire.
Wands
 g - a wand of charming (5)
 w - a wand of acid (20)
 x - a wand of flame (28)
 L - a wand of iceblast (7)
 S - a wand of paralysis (4)
Scrolls
 f - a scroll of blinking
 n - a scroll of magic mapping
 o - 6 scrolls of enchant weapon
 p - 3 scrolls of teleportation
 v - 2 scrolls of fog
 y - a scroll of enchant armour
 F - a scroll of silence {unknown}
 N - 2 scrolls of amnesia {unknown}
 R - 2 scrolls of summoning
Potions
 i - 3 potions of brilliance
 j - 4 potions of cancellation
 l - 4 potions of mutation
 t - a potion of heal wounds
 z - a potion of berserk rage
 E - a potion of resistance
 J - 3 potions of invisibility
 M - 3 potions of ambrosia
 Q - a potion of curing
 Z - a potion of might
Miscellaneous
 O - a phantom mirror
 P - a tin of tremorstones (2/2)


   Skills:
 - Level 15.0 Fighting
 - Level 22.0 Polearms
 - Level 2.0 Throwing
 - Level 10.0 Armour
 + Level 16.6 Dodging
 - Level 5.0 Spellcasting
 - Level 5.0 Ice Magic


You had 22 spell levels left.
You knew the following spells:

 Your Spells              Type           Power      Damage    Failure   Level
a - Magic Dart            Conj           12%        1d3       85%         1
b - Blink                 Tloc           6%         N/A       92%         2

Your spell library contained the following spells:

 Spells                   Type           Power      Damage    Failure   Level
 Animate Skeleton         Necr           6%         N/A       85%         1
 Pain                     Necr           12%        1d4       85%         1
 Call Imp                 Summ           3%         N/A       92%         2
 Passwall                 Tmut/Erth      2%         N/A       92%         2
 Sublimation of Blood     Necr           3%         N/A       92%         2
 Ignite Poison            Fire/Tmut/Pois 5%         N/A       99%         3
 Lesser Beckoning         Tloc           3%         N/A       99%         3
 Mephitic Cloud           Conj/Pois/Air  3%         N/A       99%         3
 Stone Arrow              Conj/Erth      6%         3d7       99%         3
 Vampiric Draining        Necr           3%         2d6       99%         3
 Summon Ice Beast         Ice/Summ       11%        N/A       99%         4
 Airstrike                Air            1%         N/A       100%        4
 Animate Armour           Summ/Erth      6%         N/A       100%        4
 Leda's Liquefaction      Hex/Erth       1%         N/A       100%        4
 Summon Lightning Spire   Summ/Air       3%         N/A       100%        4
 Blade Hands              Tmut           1%         N/A       100%        5
 Borgnjor's Vile Clutch   Necr/Erth      1%         N/A       100%        5
 Excruciating Wounds      Necr           1%         N/A       100%        5
 Freezing Cloud           Conj/Ice/Air   4%         6-21      100%        5
 Lightning Bolt           Conj/Air       1%         1d12      100%        5
 Manifold Assault         Tloc           3%         N/A       100%        5
 Summon Mana Viper        Hex/Summ       3%         N/A       100%        5
 Iron Shot                Conj/Erth      1%         9d1       100%        6
 Simulacrum               Ice/Necr       5%         N/A       100%        6
 Malign Gateway           Summ/Tloc      1%         N/A       100%        7
 Monstrous Menagerie      Summ           1%         N/A       100%        7
 Storm Form               Tmut/Air       1%         N/A       100%        7
 Maxwell's Capacitive Co  Air            1%         ∞         100%        8
 Summon Horrible Things   Summ           1%         N/A       100%        8
 Death's Door             Necr           1%         N/A       100%        9
 Polar Vortex             Ice            9%         N/A       100%        9
 Shatter                  Erth           1%         3d6*      100%        9


Dungeon Overview and Level Annotations

Branches:
Dungeon (15/15)            Temple (1/1) D:7            Lair (6/6) D:9
  Swamp (1/4) Lair:4       Spider (0/4) Lair:2        Slime (5/5) Lair:5
    Orc (2/2) D:11            Elf (0/3) Orc:2        Vaults (0/5) D:14
 Depths (0/4) D:15          Sewer (visited)         Volcano (visited)
Gauntlet (visited)

Altars:
Cheibriados
Dithmenos
Elyvilon
Fedhas
Gozag
Hepliaklqana
Makhleb
Okawaru
Qazlal
Ru
Sif Muna
Trog
The Shining One
Beogh
Jiyva
Lugonu

Shops:
D:4 :   D:5 [   D:12 *   Orc:2 [[!=

Portals:
Abyss: D:10 Lair:6

Annotations:
D:10 2 transporters, mfcas's ghost, journeyman DjCj
D:14 Roxanne
Slime:5 Royal Jelly


Innate Abilities, Weirdness & Mutations

((You are very nimble when in or above water. (Stealth+, EV+, Speed+++)))
Your lower body shifts to a powerful aquatic tail in water.
You have a pair of large antennae on your head. (SInv)
You are partially covered in large bone plates. (SH +4)
You are agile. (Dex +2)
Your flesh is almost immune to the effects of cold. (rC+++)
You are highly strong-willed. (Will++)
Your spells are much harder to cast, but much more powerful.
Armour fits poorly on your pseudopods.
Your translucent skin slightly reduces your foes' accuracy. (Stealth+)
You have a small jelly attached to you that senses nearby items.
You have a small jelly attached to you that may absorb projectiles.
You expend magic power (3 MP) to strengthen your wands.


Message History

The goliath frog is moderately wounded.
The goliath frog hits you!!
* * * LOW HITPOINT WARNING * * *
The acid corrodes you!
You are splashed with acid.
You resist.
* * * LOW HITPOINT WARNING * * *
The alligator misses you. The alligator completely misses you.
The goliath frog closely misses you.
A spriggan druid comes into view. It is wielding a +0 quarterstaff.
The alligator attacks as you move away!
The alligator bites you but does no damage.
The alligator closely misses you. The goliath frog hits you from afar!
* * * LOW HITPOINT WARNING * * *
You are splashed with acid.
You resist.
* * * LOW HITPOINT WARNING * * *
A tyrant leech comes into view.
The alligator closely misses you. The alligator tail-slaps you.
* * * LOW HITPOINT WARNING * * *
A spriggan rider comes into view. It is wielding a +0 spear.
The alligator attacks as you move away! The alligator completely misses you. x2
The goliath frog completely misses you. The alligator attacks as you move away!
The alligator closely misses you. You block the alligator's attack.
The alligator bites you!!
* * * LOW HITPOINT WARNING * * *
The alligator tail-slaps you but does no damage.
The spriggan druid hits you but does no damage.
There is a staircase back to the Lair, spattered with blood here.
You feel much better. The goliath frog hits you from afar!
* * * LOW HITPOINT WARNING * * *
The acid corrodes you!
You are splashed with acid.
You resist.
* * * LOW HITPOINT WARNING * * *
The alligator closely misses you.
The alligator tail-slaps you but does no damage.
The spriggan druid gestures wildly while chanting.
The forest starts to sway and rumble!
A tree reaches out and hits you.
* * * LOW HITPOINT WARNING * * *
The goliath frog completely misses you. The alligator bites you!!
You die...

≈≈..≈≈≈♣.≈≈≈≈§≈≈.
♣♣≈≈≈§♣♣.≈≈≈≈≈≈≈.
♣♣♣≈....≈♣.≈≈≈≈≈...
≈......†w.≈≈≈≈≈≈≈♣≈
§§≈≈§....)≈≈≈≈≈≈≈≈.
≈≈≈≈≈.....≈w≈≈≈≈...
.≈≈≈≈♣♣≈...F≈i...≈.
≈≈≈≈: ♣♣♣♣♣ti♣♣♣♣.≈
..≈♣ ♣≈≈.@.....?.
..♣ ♣♣≈.....##.. ≈.
♣♣.≈....#
§≈........
≈.......#..
♣♣..........
♣♣≈.##..$.≈ ♣♣..
#....


You could see an alligator (strong, swift), a tyrant leech (strong), a spriggan
rider, a spriggan druid, a goliath frog (strong) and a swamp worm (strong).

Vanquished Creatures
  Jorgrun (Orc:1)
  Agnes (D:14)
  Donald (Orc:2)
  An orc warlord (Orc:2)
  A minotaur (Gauntlet)
  A bunyip (Swamp:1)
  The ghost of Zentennen the Fighter, a journeyman DsFi of Uskayaw (Lair:3)
  Josephine (D:11)
  A rakshasa (D:12)
  An ice dragon (Lair:3)
  Harold (D:11)
  A death knight (D:14)
  An ogre mage (D:15)
  4 hydras
  A hell beast (Gauntlet)
  5 boulder beetles
  2 alligators (Swamp:1)
  3 catoblepae (Lair:6)
  10 two-headed ogres
  A centaur warrior (D:15)
  4 tengu warriors
  2 orc high priests
  2 thrashing horrors (Lair:6)
  A fire crab (Gauntlet)
  A wretched star (Gauntlet)
  2 skeletal warriors (D:14)
  A spriggan druid (Swamp:1)
  A deep elf archer (D:14)
  2 wizards (D:15)
  A necromancer (D:15)
  A swamp dragon (Swamp:1)
  Pikel (D:6)
  8 orc knights
  3 deep elf pyromancers
  A deep elf zephyrmancer (D:14)
  2 manticores
  5 orc sorcerers (Orc:2)
  15 ugly things
  2 cyclopes
  3 black mambas
  8 elephants
  A molten gargoyle (Volcano)
  2 large abominations (Lair:6)
  2 centaur zombies
  A naga mage (D:15)
  5 cane toads
  3 smoke demons (Lair:6)
  An unseen horror (D:12)
  6 rime drakes
  3 yaktaurs (D:14)
  A freezing wraith (D:14)
  12 komodo dragons
  A kobold demonologist (D:11)
  2 ice devils (Orc:1)
  A demonic crawler (Lair:3)
  2 ancient zymes (Lair:6)
  5 trolls
  7 tengu conjurers
  2 polar bears
  A harpy skeleton (D:15)
  26 blink frogs
  5 dream sheep (Lair:5)
  A raiju (shapeshifter) (Lair:6)
  3 jumping spiders (Lair:2)
  2 ynoxinuls (Lair:6)
  3 culicivoras (Lair:2)
  6 flying skulls (Gauntlet)
  2 shadows
  2 spriggans
  4 water elementals (D:15)
  6 basilisks
  6 wraiths
  4 wyverns
  3 fire bats (Gauntlet)
  26 yaks
  3 fire elementals (Volcano)
  A chaos spawn (Lair:6)
  A vampire (D:12)
  17 vampire mosquitoes
  Grum (D:11)
  2 redbacks (Lair:2)
  3 wargs
  4 swamp worms
  4 hell hounds (Gauntlet)
  3 acid dragons
  11 small abominations (Lair:6)
  15 water moccasins
  Pargi (Sewer)
  2 ice beasts
  42 orc warriors
  A black bear (Lair:2)
  A necrophage (D:5)
  18 wolves
  A black mamba simulacrum (Lair:3)
  4 centaurs
  7 ogres
  4 lemures (D:6)
  5 bullfrogs
  2 cane toad simulacra (Lair:3)
  A scorpion (D:5)
  A water moccasin skeleton (D:5)
  9 killer bees
  6 howler monkeys
  5 electric eels
  A rime drake simulacrum (Lair:3)
  A komodo dragon simulacrum (Lair:3)
  A hound (D:6)
  17 orc priests
  7 centaur skeletons
  A water moccasin simulacrum (Lair:3)
  6 iguanas
  32 orc wizards
  A killer bee zombie (D:7)
  A wolf simulacrum (Lair:3)
  A hound skeleton (D:5)
  A howler monkey zombie (D:8)
  5 gnolls
  3 adders
  A shadow imp (D:8)
  A white imp (D:7)
  2 worms
  3 dart slugs
  88 orcs
  8 ball pythons
  3 giant cockroaches
  6 goblins
  2 hobgoblins (D:1)
  8 kobolds
  2 quokkas (D:1)
  5 bats
  3 frilled lizards
  3 rats (D:1)
  A plant (Lair:3)
651 creatures vanquished.

Vanquished Creatures (collateral kills)
  Erolcha (D:11)
  A boulder beetle (D:11)
  An orc sorcerer (Orc:2)
  A troll (Orc:2)
  A shadow (D:9)
  A steam dragon (D:9)
  2 orc priests (Orc:2)
  3 orc wizards (Orc:2)
  An orc (Orc:2)
12 creatures vanquished.

Vanquished Creatures (others)
  A deep elf pyromancer (D:14)
  A centaur zombie (D:11)
  4 slime creatures (D:12)
  A dream sheep (Lair:5)
  A water elemental (D:15)
  An acid dragon (D:12)
  A water moccasin (Lair:1)
  A centaur (D:6)
  A kobold brigand (D:6)
  An electric eel (D:15)
  69 jellies
  3 hounds
  2 orc priests (D:5)
  2 iguanas
  3 orc wizards
  A gnoll (D:11)
  2 adders
  An ufetubus (D:4)
  17 orcs
  2 ball pythons
  3 endoplasms
  3 giant cockroaches
  3 goblins
  2 hobgoblins (D:1)
  A quokka (D:1)
  A frilled lizard (D:3)
  9 kobolds
  A fire vortex (Lair:1)
  73 fungi
  85 plants
296 creatures vanquished.

Grand Total: 959 creatures vanquished

Notes
Turn   | Place    | Note
-------+----------+-------------------------------------------
     0 | D:1      | Devinter the Merfolk Gladiator began the quest for the Orb.
     0 | D:1      | Reached XP level 1. HP: 16/16 MP: 1/1
    33 | D:1      | Found a faded altar of an unknown god.
    67 | D:1      | Reached XP level 2. HP: 16/23 MP: 2/2
    88 | D:1      | Prayed at the altar of an unknown god.
    88 | D:1      | Became a worshipper of Jiyva Jurghi the Shapeless
    88 | D:1      | Reached * piety under Jiyva
   210 | D:1      | Reached ** piety under Jiyva
   457 | D:2      | Learned a level 1 spell: Magic Dart
   486 | D:2      | Reached skill level 3 in Fighting
   486 | D:2      | Reached skill level 5 in Polearms
   486 | D:2      | Reached XP level 3. HP: 29/29 MP: 2/4
   733 | D:2      | Reached *** piety under Jiyva
   834 | D:2      | Reached skill level 1 in Spellcasting
   834 | D:2      | Reached XP level 4. HP: 35/35 MP: 5/5
  1286 | D:3      | Reached skill level 5 in Dodging
  1450 | D:3      | Reached **** piety under Jiyva
  1542 | D:3      | Gained mutation: You have acidic saliva. [Jiyva's grace]
  1542 | D:3      | Gained mutation: You are covered in slimy tendrils that may
                  | disarm your opponents. [Jiyva's grace]
  1542 | D:3      | Gained mutation: You possess an exceptional clarity of
                  | mind. [Jiyva's grace]
  1542 | D:3      | Gained mutation: You have very sharp teeth. [Jiyva's grace]
  1752 | D:4      | Found Hewkoxt's Book Shop.
  1813 | D:4      | Reached XP level 5. HP: 40/41 MP: 7/7
  1838 | D:4      | Found a glowing drain.
  1854 | D:4      | Reached skill level 6 in Polearms
  1859 | D:4      | Reached skill level 2 in Spellcasting
  1863 | Sewer    | Entered a sewer
  1964 | Sewer    | Noticed Pargi
  1982 | Sewer    | Killed Pargi
  1983 | Sewer    | Reached skill level 6 in Dodging
  1983 | Sewer    | Reached XP level 6. HP: 32/47 MP: 9/9
  2179 | D:4      | Reached skill level 7 in Polearms
  2396 | D:5      | Entered Level 5 of the Dungeon
  2409 | D:5      | Noticed Blork the orc
  2418 | D:5      | Slimified Blork the orc
  2418 | D:5      | Noticed Blork
  2418 | D:5      | Blork the orc changed into Blork the slime creature
  2513 | D:5      | Found a white marble altar of Elyvilon.
  2648 | D:5      | Noticed a two-headed ogre
  2658 | D:5      | Reached skill level 7 in Dodging
  2672 | D:5      | Found a snail-covered altar of Cheibriados.
  2710 | D:5      | Noticed a water moccasin
  2742 | D:5      | Noticed a necrophage
  2743 | D:5      | Reached XP level 7. HP: 40/52 MP: 10/10
  2764 | D:5      | Reached skill level 8 in Polearms
  2771 | D:5      | Reached skill level 8 in Dodging
  3082 | D:5      | Found Wela's Antique Armour Boutique.
  3144 | D:5      | Killed a two-headed ogre
  3145 | D:5      | Reached skill level 5 in Fighting
  3145 | D:5      | Reached skill level 10 in Polearms
  3145 | D:5      | Reached XP level 8. HP: 51/64 MP: 11/11
  3195 | D:5      | Gained mutation: Your translucent skin slightly reduces
                  | your foes' accuracy. (Stealth+) [Jiyva's grace]
  3195 | D:5      | Gained mutation: Your translucent skin reduces your foes'
                  | accuracy. (Stealth+) [Jiyva's grace]
  3195 | D:5      | Gained mutation: Your transparent skin significantly
                  | reduces your foes' accuracy. (Stealth+) [Jiyva's grace]
  3195 | D:5      | Gained mutation: Your flesh is cold resistant. (rC+)
                  | [Jiyva's grace]
  3258 | D:5      | Reached skill level 6 in Fighting
  3424 | D:6      | Reached ***** piety under Jiyva
  3541 | D:6      | Found a burning altar of Makhleb.
  3543 | D:6      | Found a shimmering blue altar of Sif Muna.
  3577 | D:6      | Found a glowing golden altar of the Shining One.
  3581 | D:6      | Found an opulent altar of Gozag.
  3669 | D:6      | Noticed Pikel
  3693 | D:6      | Killed Pikel
  3694 | D:6      | Reached skill level 12 in Polearms
  3694 | D:6      | Reached XP level 9. HP: 68/69 MP: 12/12
  4009 | D:7      | Found a staircase to the Ecumenical Temple.
  4021 | Temple   | Entered the Ecumenical Temple
  4499 | D:7      | Found a hazy altar of Hepliaklqana.
  4607 | D:8      | Lost mutation: You have acidic saliva. [Jiyva's grace]
  4607 | D:8      | Lost mutation: You are covered in slimy tendrils that may
                  | disarm your opponents. [Jiyva's grace]
  4607 | D:8      | Gained mutation: You are partially covered in iridescent
                  | scales. (AC +2) [Jiyva's grace]
  4607 | D:8      | Gained mutation: You are mostly covered in iridescent
                  | scales. (AC +4) [Jiyva's grace]
  4607 | D:8      | Gained mutation: You are completely covered in iridescent
                  | scales. (AC +6) [Jiyva's grace]
  4607 | D:8      | Gained mutation: You have a small jelly attached to you
                  | that may absorb projectiles. [Jiyva's grace]
  4612 | D:8      | Upgraded the game from 0.29-a0-67-g1d65ae1bb4 to
                  | 0.29-a0-91-gdebf4667c2
  4779 | D:8      | Reached skill level 9 in Dodging
  4825 | D:8      | Found a bloodstained altar of Trog.
  4851 | D:8      | Reached skill level 13 in Polearms
  4868 | D:8      | Reached ****** piety under Jiyva
  5070 | D:9      | Found a sacrificial altar of Ru.
  5301 | D:9      | Found a shadowy altar of Dithmenos.
  5401 | D:9      | Found a stormy altar of Qazlal.
  5467 | D:9      | Reached skill level 10 in Dodging
  5583 | D:9      | Found a staircase to the Lair.
  6213 | D:9      | Noticed a troll
  6235 | D:9      | Killed a troll
  6236 | D:9      | Reached skill level 14 in Polearms
  6302 | D:10     | Entered Level 10 of the Dungeon
  6317 | D:10     | Reached skill level 11 in Dodging
  6317 | D:10     | Reached XP level 10. HP: 76/76 MP: 13/13
  6620 | D:10     | Noticed a skeletal warrior
  6629 | D:10     | Found a one-way gate to the infinite horrors of the Abyss.
  6629 | D:10     | Noticed a cyan very ugly thing
  6629 | D:10     | Noticed mfcas's ghost (journeyman DjCj)
  6644 | D:10     | Found a transporter.
  6646 | D:10     | Found a transporter.
  6906 | D:10     | Found a blossoming altar of Fedhas.
  6992 | D:11     | Gained mutation: Your rubbery body absorbs attacks. (AC +1,
                  | EV +1) [Jiyva's grace]
  6992 | D:11     | Gained mutation: Your pliable body absorbs attacks. (AC +2,
                  | EV +2) [Jiyva's grace]
  6992 | D:11     | Gained mutation: Your gelatinous body deflects attacks. (AC
                  | +3, EV +3) [Jiyva's grace]
  6992 | D:11     | Gained mutation: You are strong-willed. (Will+) [Jiyva's
                  | grace]
  6995 | D:11     | Reduced skill Polearms to level 13
  6995 | D:11     | Upgraded the game from 0.29-a0-91-gdebf4667c2 to
                  | 0.29-a0-193-ga21e45360d
  6995 | D:11     | Upgraded the game from 0.29-a0-193-ga21e45360d to
                  | 0.29-a0-275-g389c0b56f3
  6995 | D:11     | Noticed a two-headed ogre
  7120 | D:11     | Reached skill level 14 in Polearms
  7151 | D:11     | Reached skill level 12 in Dodging
  7196 | D:11     | Noticed Josephine
  7365 | D:11     | Found a staircase to the Orcish Mines.
  7376 | Orc:1    | Entered Level 1 of the Orcish Mines
  7376 | Orc:1    | Noticed an orc high priest
  7427 | D:11     | Killed a two-headed ogre
  7428 | D:11     | Reached skill level 15 in Polearms
  7506 | D:11     | Reached skill level 16 in Polearms
  7560 | D:11     | Noticed Snorg
  7571 | D:11     | Slimified Snorg
  7571 | D:11     | Noticed Snorg
  7571 | D:11     | Snorg changed into Snorg the slime creature
  7609 | D:11     | Noticed Grum
  7625 | D:11     | Killed Grum
  7626 | D:11     | Reached XP level 11. HP: 83/83 MP: 14/14
  7673 | D:11     | Noticed Harold
  7692 | D:11     | Noticed Erolcha
  7711 | D:11     | Killed Erolcha
  7712 | D:11     | Reached skill level 7 in Fighting
  7748 | D:11     | Noticed a boulder beetle
  7769 | D:11     | Killed a boulder beetle
  7836 | D:11     | Reached skill level 8 in Fighting
  7978 | D:11     | Killed Harold
  7979 | D:11     | Reached skill level 17 in Polearms
  7987 | D:11     | Noticed a two-headed ogre
  7996 | D:11     | Killed a two-headed ogre
  8034 | D:11     | Reached skill level 9 in Fighting
  8084 | D:11     | Upgraded the game from 0.29-a0-275-g389c0b56f3 to
                  | 0.29-a0-367-gc2b5878c41
  8137 | D:11     | Killed Josephine
  8417 | D:12     | Found a corrupted altar of Lugonu.
  8479 | D:12     | Identified the +1 scale mail "Rael" {rPois rN++ Str-3}
  8479 | D:12     | Noticed a rakshasa
  8482 | D:12     | Found a gate leading to a gauntlet.
  8491 | Gauntlet | Entered a Gauntlet
  8491 | Gauntlet | Found a transporter.
  8495 | Gauntlet | Found a runed translucent gate.
  8497 | Gauntlet | Found a transporter.
  8498 | Gauntlet | Found a runed translucent gate.
  8499 | Gauntlet | Found a runed translucent gate.
  8501 | Gauntlet | Found a transporter.
  8508 | Gauntlet | Noticed a tengu warrior
  8512 | Gauntlet | Found a transporter.
  8513 | Gauntlet | Found a transporter.
  8517 | Gauntlet | Found a runed translucent door.
  8518 | Gauntlet | Noticed a fire crab
  8519 | Gauntlet | Found a runed translucent door.
  8521 | Gauntlet | Found a transporter.
  8525 | Gauntlet | Found a transporter.
  8529 | Gauntlet | Noticed a wretched star
  8533 | Gauntlet | Found a transporter.
  8537 | Gauntlet | Found a transporter.
  8541 | Gauntlet | Noticed a hell beast
  8545 | Gauntlet | Found a transporter.
  8568 | Gauntlet | Found a transporter.
  8580 | Gauntlet | Found a transporter.
  8593 | Gauntlet | Found a transporter.
  8605 | Gauntlet | Found a transporter.
  8675 | Gauntlet | Reached skill level 10 in Fighting
  8675 | Gauntlet | Reached skill level 18 in Polearms
  8700 | Gauntlet | Reached XP level 12. HP: 78/97 MP: 15/15
  8792 | Gauntlet | Killed a wretched star
  8793 | Gauntlet | Reached skill level 19 in Polearms
  8844 | Gauntlet | Killed a hell beast
  8844 | Gauntlet | HP: 8/97 [hell hound/blast of flame (13)]
  8883 | Gauntlet | Identified the +8 ice dragon scales of Perfidy {rF- rC++
                  | Stlth+}
  8883 | Gauntlet | Noticed a minotaur
  8894 | Gauntlet | Killed a minotaur
  8929 | Gauntlet | Identified the +1 plate armour of the Nexus {+Inv rPois rC+
                  | Will+}
  8933 | Gauntlet | Identified the +5 fire dragon scales of Dogmatism {rF++ rC-
                  | Str+5}
  8934 | Gauntlet | Got the Volume of the Rocks
  8974 | D:12     | Killed a rakshasa
  8987 | D:12     | Reached skill level 20 in Polearms
  9056 | D:12     | Noticed a two-headed ogre
  9062 | D:12     | Killed a two-headed ogre
  9063 | D:12     | Reached skill level 1 in Armour
  9080 | D:12     | Gained mutation: You have hidden genetic potential.
                  | [Jiyva's grace]
  9080 | D:12     | Gained mutation: You have great hidden genetic potential.
                  | [Jiyva's grace]
  9080 | D:12     | Gained mutation: You are agile. (Dex +2) [Jiyva's grace]
  9080 | D:12     | Gained mutation: You are very agile. (Dex +4) [Jiyva's
                  | grace]
  9086 | D:12     | Noticed a boulder beetle
  9285 | D:12     | Found Sesodgh's General Store.
  9296 | D:12     | Killed a boulder beetle
  9301 | D:12     | Bought 2 scrolls of enchant weapon for 210 gold pieces
  9401 | Lair:1   | Entered Level 1 of the Lair of Beasts
  9466 | Lair:1   | Noticed a seven-headed hydra
  9467 | Lair:1   | Killed an eight-headed hydra
  9468 | Lair:1   | Reached skill level 2 in Armour
  9616 | Lair:1   | Found a dark tunnel.
  9625 | Volcano  | Entered a volcano
  9723 | Volcano  | Reached skill level 3 in Armour
  9760 | Volcano  | Reached skill level 11 in Fighting
  9897 | Lair:1   | Reached XP level 13. HP: 97/106 MP: 16/16
 10460 | Lair:2   | Reached skill level 4 in Armour
 10462 | Lair:2   | Reached skill level 21 in Polearms
 10625 | Lair:2   | Found a hole to the Spider Nest.
 10646 | Lair:2   | Gained mutation: Your mind is acute. (Int +2) [hidden
                  | potential]
 10656 | Lair:2   | Lost mutation: You are completely covered in iridescent
                  | scales. (AC +6) [Jiyva's grace]
 10656 | Lair:2   | Lost mutation: You are mostly covered in iridescent scales.
                  | (AC +4) [Jiyva's grace]
 10656 | Lair:2   | Lost mutation: You are partially covered in iridescent
                  | scales. (AC +2) [Jiyva's grace]
 10656 | Lair:2   | Gained mutation: Your mind is very acute. (Int +4) [Jiyva's
                  | grace]
 10656 | Lair:2   | Gained mutation: You are partially covered in large bone
                  | plates. (SH +4) [Jiyva's grace]
 10656 | Lair:2   | Gained mutation: You are mostly covered in large bone
                  | plates. (SH +6) [Jiyva's grace]
 10656 | Lair:2   | Gained mutation: You are completely covered in large bone
                  | plates. (SH +8) [Jiyva's grace]
 10984 | Lair:2   | Reached skill level 12 in Fighting
 11290 | Lair:3   | You fall into a shaft and drop 2 floors!
 11626 | Lair:3   | Lost mutation: You are very agile. (Dex +4) [Jiyva's grace]
 11626 | Lair:3   | Lost mutation: Your mind is very acute. (Int +4) [Jiyva's
                  | grace]
 11626 | Lair:3   | Lost mutation: Your flesh is cold resistant. (rC+) [Jiyva's
                  | grace]
 11626 | Lair:3   | Lost mutation: Your gelatinous body deflects attacks. (AC
                  | +3, EV +3) [Jiyva's grace]
 11626 | Lair:3   | Lost mutation: Your pliable body absorbs attacks. (AC +2,
                  | EV +2) [Jiyva's grace]
 11626 | Lair:3   | Lost mutation: Your transparent skin significantly reduces
                  | your foes' accuracy. (Stealth+) [Jiyva's grace]
 11626 | Lair:3   | Gained mutation: You have a pair of small antennae on your
                  | head. [Jiyva's grace]
 11626 | Lair:3   | Gained mutation: You have a pair of antennae on your head.
                  | [Jiyva's grace]
 11626 | Lair:3   | Gained mutation: You have a pair of large antennae on your
                  | head. (SInv) [Jiyva's grace]
 11626 | Lair:3   | Gained mutation: You are covered in slimy tendrils that may
                  | disarm your opponents. [Jiyva's grace]
 11632 | Lair:3   | Noticed an ice dragon
 11661 | Lair:3   | Found a runed translucent gate.
 11662 | Lair:3   | Found a runed translucent gate.
 11663 | Lair:3   | Found a runed translucent gate.
 11703 | Lair:3   | Reached skill level 5 in Armour
 11737 | Lair:3   | Noticed Zentennen's ghost (journeyman DsFi)
 11748 | Lair:3   | Killed an ice dragon
 11753 | Lair:3   | Killed Zentennen's ghost
 11770 | Lair:3   | Got the ring of Nemelex Xobeh's Favour {Fire rCorr Str+2
                  | Dex+3}
 11776 | Lair:3   | Identified the +1 cloak of Waist {Harm Str+6 Int+2 Dex-4}
 12792 | Lair:4   | Learned a level 2 spell: Blink
 12815 | Lair:4   | Reached skill level 1 in Ice Magic
 12917 | Lair:4   | Found a staircase to the Swamp.
 12955 | Lair:4   | Reached XP level 14. HP: 116/116 MP: 17/17
 13152 | Lair:5   | Found a viscous altar of Jiyva.
 13152 | Lair:5   | Found a staircase to the Slime Pits.
 13158 | Slime:1  | Entered Level 1 of the Pits of Slime
 13158 | Slime:1  | Noticed a quicksilver ooze
 13163 | Slime:2  | Noticed a rockslime
 13171 | Slime:3  | Noticed an acid blob
 13172 | Slime:3  | Noticed an acid blob
 13182 | Slime:5  | Entered Level 5 of the Pits of Slime
 13190 | Slime:5  | Noticed an acid blob
 13208 | Slime:5  | Found a viscous altar of Jiyva.
 13208 | Slime:5  | Noticed an acid blob
 13209 | Slime:5  | Noticed an acid blob
 13209 | Slime:5  | Noticed an acid blob
 13209 | Slime:5  | Noticed an acid blob
 13210 | Slime:5  | Noticed the Royal Jelly
 13210 | Slime:5  | Noticed a quicksilver ooze
 13210 | Slime:5  | Found the necklace of Bloodlust {*Rage Will++ Int-3 Slay+6}
 13211 | Slime:5  | Noticed an azure jelly
 13219 | Slime:5  | Identified the +1 spear of Temperance {vorpal, Str+4}
 13227 | Slime:5  | Noticed an acid blob
 13230 | Slime:5  | Noticed an acid blob
 13236 | Slime:5  | Got the Guide on the Doomed Mountains
 13238 | Slime:5  | Identified the ring of Tomorrow {*Slow MP+9 Str+6 Int+2
                  | Dex+2}
 13258 | Slime:5  | Got a slimy rune of Zot
 13269 | Slime:5  | Noticed a quicksilver ooze
 13295 | Slime:3  | Noticed an acid blob
 13297 | Slime:2  | Noticed an acid blob
 13301 | Slime:1  | Noticed an acid blob
 13305 | Slime:2  | Noticed an azure jelly
 13305 | Slime:2  | Noticed a rockslime
 13325 | Slime:1  | Noticed a rockslime
 13341 | Slime:2  | Noticed an azure jelly
 13520 | Lair:5   | Lost mutation: You are completely covered in large bone
                  | plates. (SH +8) [Jiyva's grace]
 13520 | Lair:5   | Lost mutation: Your mind is acute. (Int +2) [Jiyva's grace]
 13520 | Lair:5   | Lost mutation: Your translucent skin reduces your foes'
                  | accuracy. (Stealth+) [Jiyva's grace]
 13520 | Lair:5   | Lost mutation: You are covered in slimy tendrils that may
                  | disarm your opponents. [Jiyva's grace]
 13520 | Lair:5   | Gained mutation: You are highly strong-willed. (Will++)
                  | [Jiyva's grace]
 13520 | Lair:5   | Gained mutation: You are extremely strong-willed. (Will+++)
                  | [Jiyva's grace]
 13520 | Lair:5   | Gained mutation: Your spells are a little harder to cast,
                  | but a little more powerful. [Jiyva's grace]
 13520 | Lair:5   | Gained mutation: Your spells are harder to cast, but more
                  | powerful. [Jiyva's grace]
 13555 | Lair:5   | Reached skill level 2 in Ice Magic
 13884 | Lair:6   | Entered Level 6 of the Lair of Beasts
 13903 | Lair:6   | Reached skill level 3 in Spellcasting
 13994 | Lair:6   | Reached skill level 3 in Ice Magic
 14000 | Lair:6   | Reached skill level 13 in Fighting
 14019 | Lair:6   | Reached skill level 6 in Armour
 14046 | Lair:6   | Reached skill level 22 in Polearms
 14053 | Lair:6   | Found a corrupted altar of Lugonu.
 14198 | Lair:6   | Reached skill level 4 in Spellcasting
 14198 | Lair:6   | Reached skill level 4 in Ice Magic
 14198 | Lair:6   | Upgraded the game from 0.29-a0-367-gc2b5878c41 to
                  | 0.29-a0-370-gb5314be063
 14394 | Lair:6   | Reached skill level 5 in Ice Magic
 14543 | Lair:6   | Reached skill level 5 in Spellcasting
 15128 | Orc:1    | Reached skill level 7 in Armour
 15325 | Orc:1    | Reached skill level 14 in Fighting
 15472 | Orc:2    | Entered Level 2 of the Orcish Mines
 15472 | Orc:2    | Noticed Jorgrun
 15472 | Orc:2    | Found a staircase to the Elven Halls.
 15473 | Orc:2    | Lost mutation: You have very sharp teeth. [Jiyva's grace]
 15473 | Orc:2    | Lost mutation: You are mostly covered in large bone plates.
                  | (SH +6) [Jiyva's grace]
 15473 | Orc:2    | Lost mutation: You possess an exceptional clarity of mind.
                  | [Jiyva's grace]
 15473 | Orc:2    | Lost mutation: You are extremely strong-willed. (Will+++)
                  | [Jiyva's grace]
 15473 | Orc:2    | Lost mutation: You have great hidden genetic potential.
                  | [Jiyva's grace]
 15473 | Orc:2    | Gained mutation: You have a small jelly attached to you
                  | that senses nearby items. [Jiyva's grace]
 15473 | Orc:2    | Gained mutation: You expend magic power (3 MP) to
                  | strengthen your wands. [Jiyva's grace]
 15473 | Orc:2    | Gained mutation: You are covered in fur. (AC +1) [Jiyva's
                  | grace]
 15473 | Orc:2    | Gained mutation: You are covered in thick fur. (AC +2)
                  | [Jiyva's grace]
 15476 | Orc:2    | Noticed Donald
 15490 | Orc:1    | Killed Jorgrun
 15498 | Orc:2    | Killed Donald
 15499 | Orc:2    | Reached XP level 15. HP: 105/126 MP: 22/22
 15502 | Orc:2    | Identified a scroll of acquirement
 15502 | Orc:2    | Acquired the ring of Wouhouqi {rF++ Dex+6 Slay+4}
 15560 | Orc:2    | Noticed an orc warlord
 15582 | Orc:2    | Killed an orc warlord
 15860 | Orc:2    | Reached skill level 8 in Armour
 15869 | Orc:2    | Found Daoklug's Antique Armour Emporium.
 15869 | Orc:2    | Found Oshryffife's Antique Armour Emporium.
 15874 | Orc:2    | Gained mutation: Your spells are much harder to cast, but
                  | much more powerful. [hidden potential]
 15874 | Orc:2    | Lost mutation: You have hidden genetic potential. [hidden
                  | potential expressed]
 15877 | Orc:2    | Found Timys's Distillery.
 15880 | Orc:2    | Found Bitiuf's Jewellery Shoppe.
 15917 | Orc:2    | Bought a potion of heal wounds for 90 gold pieces
 15917 | Orc:2    | Bought a potion of berserk rage for 90 gold pieces
 15917 | Orc:2    | Bought a potion of heal wounds for 90 gold pieces
 15917 | Orc:2    | Bought a potion of mutation for 144 gold pieces
 16190 | Orc:1    | Found a runed translucent door.
 16285 | Orc:1    | Reached skill level 15 in Fighting
 16968 | D:13     | Lost mutation: You are covered in thick fur. (AC +2)
                  | [Jiyva's grace]
 16968 | D:13     | Lost mutation: You are covered in fur. (AC +1) [Jiyva's
                  | grace]
 16968 | D:13     | Lost mutation: Your rubbery body absorbs attacks. (AC +1,
                  | EV +1) [Jiyva's grace]
 16968 | D:13     | Gained mutation: Your flesh is cold resistant. (rC+)
                  | [Jiyva's grace]
 16968 | D:13     | Gained mutation: Your flesh is very cold resistant. (rC++)
                  | [Jiyva's grace]
 16968 | D:13     | Gained mutation: Your flesh is almost immune to the effects
                  | of cold. (rC+++) [Jiyva's grace]
 16968 | D:13     | Gained mutation: Armour fits poorly on your pseudopods.
                  | [Jiyva's grace]
 17185 | D:14     | Reached skill level 9 in Armour
 17198 | D:14     | Noticed Agnes
 17218 | D:14     | Killed Agnes
 17287 | D:14     | Noticed Roxanne
 17493 | D:14     | Found a gate to the Vaults.
 17690 | D:14     | Reached skill level 13 in Dodging
 18210 | D:15     | Entered Level 15 of the Dungeon
 18221 | D:15     | Reached skill level 10 in Armour
 18229 | D:15     | Reached skill level 14 in Dodging
 18229 | D:15     | Reached XP level 16. HP: 129/136 MP: 23/23
 18472 | D:15     | Reached skill level 15 in Dodging
 18524 | D:15     | Found a staircase to the Depths.
 18657 | D:15     | Upgraded the game from 0.29-a0-370-gb5314be063 to
                  | 0.29-a0-371-g91724d5b39
 18675 | D:15     | Reached skill level 16 in Dodging
 18762 | D:15     | Found an iron altar of Okawaru.
 19355 | Swamp:1  | Entered Level 1 of the Swamp
 19393 | Swamp:1  | HP: 1/136 [alligator[a spriggan druid] (25)]
 19395 | Swamp:1  | Annihilated by an alligator

Illustrated notes

Levels and vault maps discovered:
D:1:      dpeg_arrival_orchard, layout_rooms, hellmonk_ecumenical_altar_lost_god
D:2:      layout_loops_ring
D:3:      layout_loops_cross
D:4:      layout_basic, serial_shops, shop, cheibrodos_sewer_entry_sluice
D:5:      layout_cave_pods, elyvilon_altar_1, cheibriados_altar_2, serial_shops,
          nicolae_shop_hallway_stairs, grunt_ministairs_9, uniq_blork_the_orc
D:6:      layout_loops_ring, mainiacjoe_overflow_catwalk_spiral, minitemple,
          uniq_pikel
D:7:      layout_gridville, nicolae_hepliaklqana_hippocampus,
          minmay_temple_entry_wispy, grunt_decor_fettered
D:8:      layout_cave_pools, general_overflow_altar,
          amcnicky_mini_corridor_feature
D:9:      layout_stronghold, lemuel_crystal_altar,
          nicolae_ru_great_annihilating_truth, mainiacjoe_overflow_alcove_1,
          lair_entry_dummy
D:10:     layout_irregular_city, lemuel_tele_altar,
          gammafunk_ghost_abyssal_escape
D:11:     layout_cave_pods, david_orc_5, minmay_puff, uniq_snorg, uniq_grum,
          uniq_josephine, uniq_erolcha, uniq_harold
D:12:     layout_cave_pools, serial_shops, shop, gauntlet_entry_generic,
          tgw_lugonu_bribe
D:13:     layout_gridville
D:14:     layout_basic, hangedman_vaults_entry_quadrant_bands, special_room
          [special_room_orc], uniq_agnes, uniq_roxanne
D:15:     grunt_enter_depths_magical_seal, layout_basic, corexii_hall_statues_u,
          serial_rivers, chequers_serial_rivers_marsh,
          chequers_serial_rivers_large_b, chequers_serial_rivers_marsh,
          chequers_serial_rivers_micro_e, chequers_serial_rivers_micro_c,
          chequers_serial_rivers_small_3, kennysheep_okawaru_gauntlet
Temple:   cyrus_temple_forest
Lair:1:   layout_gridlike, nicolae_volcano_entry_hallway, grunt_megastairs_2,
          lemuel_fruit_fields
Lair:2:   layout_regular_city, nicolae_spider_entry_tight_spaces,
          chequers_serial_rivers_small_b, forest_entry_grove
Lair:3:   layout_small_grid, gammafunk_ghost_icy, worms_lemuel
Lair:4:   layout_loops_ring, minmay_swamp_entry_reptiles
Lair:5:   layout_gridlike, dpeg_slime_entry_enclosed_altar, serial_bayou_shore_b
Lair:6:   hellmonk_lair_end_abyssal_woods, layout_gridlike
Swamp:1:  layout_basic_swamp, evilmike_swamp_ruin_rubble_2
Slime:1:  layout_caves
Slime:2:  cheibrodos_slime_lost_civilization_10, layout_caves
Slime:3:  layout_caves
Slime:4:  layout_caves, special_room [special_room_jelly], uniq_dissolution
Slime:5
Orc:1:    layout_caves, portal_ice_cave_demonic_guard, lightli_church_of_beogh
Orc:2:    st_orc_mages, layout_caves, uniq_jorgrun, uniq_donald

Skill      XL: |  1  2  3  4  5  6  7  8  9 10 11 12 13 14 15 16 |
---------------+-------------------------------------------------+-----
Fighting       | 3 5 6 10 11 12 14 15 | 15.0
Polearms       | 5 6 7 10 12 14 16 18 20 21 22 | 22.0
Spellcasting   | 1 2 5 |  5.0
Dodging        | 5 6 7 8 11 12 14 16 | 16.6
Armour         | 3 5 7 10 | 10.0
Ice Magic      | 1 5 |  5.0
Throwing       | |  2.0

Action                   |  1- 3 |  4- 6 |  7- 9 | 10-12 | 13-15 | 16-18 || total
-------------------------+-------+-------+-------+-------+-------+-------++-------
Melee: Trident           |    86 |   180 |   329 |   330 |       |       ||   925
       Bite              |       |    10 |    50 |    91 |    97 |       ||   248
       Punch             |       |     4 |     5 |     5 |       |       ||    14
       Glaive            |       |       |       |   298 |       |       ||   298
       Scythe            |       |       |       |   110 |  1117 |   140 ||  1367
       Tailslap          |       |       |       |       |     4 |       ||     4
       Pseudopods        |       |       |       |       |    73 |    40 ||   113
Throw: Throwing net      |       |     2 |     2 |       |       |       ||     4
       Dart              |       |       |     4 |    15 |       |       ||    19
 Cast: Magic Dart        |     2 |     9 |       |       |       |       ||    11
Invok: Slimify           |       |     1 |       |     1 |       |       ||     2
       Oozemancy         |       |       |       |     1 |       |       ||     1
Evoke: Wand              |       |       |       |     1 |     3 |       ||     4
  Use: Potion            |       |     1 |       |     4 |     1 |     1 ||     7
       Scroll            |       |       |       |       |    17 |     1 ||    18
 Stab: Sleeping          |       |     5 |     5 |     2 |     9 |       ||    21
       Held in net/web   |       |     1 |     1 |       |       |       ||     2
       Invisible         |       |       |     1 |       |       |       ||     1
       Paralysed         |       |       |     1 |       |       |       ||     1
       Distracted        |       |       |       |     2 |     2 |       ||     4
Armor: Leather armour    |    17 |    17 |       |       |       |       ||    34
       Troll leather arm |       |     9 |    46 |    72 |       |       ||   127
       Ice dragon scales |       |       |       |    24 |   197 |    41 ||   262
       Fire dragon scale |       |       |       |     5 |     4 |       ||     9
Dodge: Dodged            |    55 |   142 |   274 |   644 |   760 |   152 ||  2027
Block: Other             |       |       |       |       |   226 |    17 ||   243

Table legend: (Time is in decaauts)
 A = Elapsed time spent in this place.
 B = Non-inter-level travel time spent in this place.
 C = Inter-level travel time spent in this place.
 D = Time resting spent in this place.
 E = Time spent auto-exploring this place.
 F = Levels seen in this place.
 G = Mean time per level.
                   A        B        C        D        E       F      G
               +--------+--------+--------+--------+--------+-----+--------+
         Total |  18515 |  17525 |    990 |    142 |   5717 |  33 |  561.1 |
       Dungeon |  11306 |  10657 |    649 |     93 |   3413 |  15 |  753.7 |
        Temple |      1 |      1 |      0 |      0 |      0 |   1 |    1.0 |
          Lair |   5025 |   4738 |    287 |      3 |   2056 |   6 |  837.5 |
         Swamp |     28 |     28 |      0 |      0 |      0 |   1 |   28.0 |
    Slime Pits |    195 |    195 |      0 |      0 |      0 |   5 |   39.0 |
  Orcish Mines |   1180 |   1127 |     53 |      0 |    248 |   2 |  590.0 |
         Sewer |    140 |    140 |      0 |      0 |      0 |   1 |  140.0 |
       Volcano |    210 |    210 |      0 |      0 |      0 |   1 |  210.0 |
      Gauntlet |    425 |    425 |      0 |     46 |      0 |   1 |  425.0 |
               +--------+--------+--------+--------+--------+-----+--------+

Top non-repeatable levels by time:
    D:11: 1453 daAuts
     D:9: 1228 daAuts
  Lair:3: 1012 daAuts
    D:14: 995 daAuts
     D:5: 961 daAuts
  Lair:6: 956 daAuts
  Lair:2: 892 daAuts
  Lair:5: 849 daAuts
    D:15: 832 daAuts
    D:13: 760 daAuts
     D:2: 728 daAuts
  Lair:1: 713 daAuts
    D:10: 681 daAuts
     D:7: 666 daAuts
   Orc:2: 629 daAuts
